[Event "*** MasterClass Titled Tuesday Blitz"]
[Site "Chess.com"]
[Date "2017.09.05"]
[Round "5"]
[White "Bengalas"]
[Black "jncool68"]
[Result "1-0"]
[WhiteElo "2505"]
[BlackElo "2458"]
[TimeControl "180+2"]
[EndTime "14:16:45 PDT"]
[Termination "Bengalas won by resignation"]

1. d4 Nf6 2. c4 g6 3. Nc3 d5 4. Nf3 Bg7 5. Bf4 O-O 6. e3 Be6 7. c5 b6 8. b4 a5 9. a3 axb4 10.
axb4 Rxa1 11. Qxa1 bxc5 12. bxc5 c6 13. h3 Nbd7 14.
Be2 Bf5 15. O-O Ne4 16. Nxe4 Bxe4 17. Qa6 Qc8 18. Qxc8 Rxc8 19. Ba6 Rf8 20. Bb7 Bxf3 21. Bxc6 Nxc5 22. dxc5 Be2 23. Rc1 Bc4 24. Bb7 e5 25. Bg5 f6 26. Bh4 Rf7 27. c6 Bf8 28. c7 Rxc7 29.
Bxd5+ Bxd5 30. Rxc7 g5 31. Bg3 Bf7 32. f3 Kg7 33. Bf2 h5 34. e4 Kg6 35. Bc5 Bg7 36.
g4 hxg4 37. hxg4 Be6 38. Kf2 Bb3 39. Ke3 Bf7 40. Ra7 Bb3 41. Bd6 Bc4 42. Rc7 Bb3 43. Rb7 Bc4 44. Rb6 Kf7 45. Kd2 Bf1 46. Rb7+ Kg6 47.
Rb8 Bg2 48. Ke3 Bf1 49. Bf8 Bxf8 50. Rxf8 Kg7 51. Rc8 Bb5 52. Rc5 Ba6 53. Ra5 Bc4 54.
Kd2 Kg6 55. Ra3 Bb5 56. Kc3 Be2 57. Kb4 Bd1 58. Kc5 f5 59. exf5+ Kf6 60. Kd5 Be2 61. Rb3 e4 62. fxe4 Bxg4 63. Rb6+ Kf7 64. Rg6 1-0

[Event "*** MasterClass Titled Tuesday Blitz"]
[Site "Chess.com"]
[Date "2017.09.05"]
[Round "5"]
[White "Oneofmyturns"]
[Black "ftorodent"]
[Result "1-0"]
[WhiteElo "2479"]
[BlackElo "2450"]
[TimeControl "180+2"]
[EndTime "14:16:51 PDT"]
[Termination "Oneofmyturns won by resignation"]

1. d4 f5 2. c4 Nf6 3. Nf3 g6 4. g3 Bg7 5. Bg2 O-O 6. O-O d6 7. Nc3 Qe8 8. Rb1 c6 9. b4 e5 10. dxe5 dxe5 11. Qb3 Kh8 12. a4 e4 13. Nd4 Ng4 14.
e3 Ne5 15. Bb2 Be6 16. Nxe6 Qxe6 17. Ne2 b5 18. axb5 cxb5 19. Bxe5 Bxe5 20. cxb5 Qxb3 21. Rxb3 Nd7 22. f3 exf3 23. Bxf3 Rab8 24. Bc6 Nf6 25. Ra3 Rf7 26. Nd4 Bxd4 27. exd4 Rd8 28. d5 Kg7 29. Rfa1 Kh6 30. Rd1 Ne4 31. Kg2 Kg5 32. Ra6 Re7 33. h4+ Kf6 34. Rda1 Nc3 35. Rxa7 Rxa7 36.
Rxa7 Nxd5 37. Rxh7 Nxb4 38. Rc7 Rd2+ 39. Kh3 Nd3 40. b6 Nf2+ 41. Kg2 Ng4+ 42. Kf1 Rf2+ 43. Ke1 Rb2 44. b7 Ne5 45. Bd5 Nd3+ 46. Kd1 Nf2+ 47. Ke1 Nd3+ 48. Kf1 f4 49. gxf4 Nxf4 50. Bf3 Rb3 51.
Kf2 Nd3+ 52. Kg1 Ne5 53. Bg2 Ng4 54. Bf3 Ne5 55. Be4 Ke6 56. Rc8 Nd7 57. Bc6 1-0

[Event "*** MasterClass Titled Tuesday Blitz"]
[Site "Chess.com"]
[Date "2017.09.05"]
[Round "5"]
[White "Adham_Fawzy"]
[Black "Rokis13"]
[Result "0-1"]
[WhiteElo "2382"]
[BlackElo "2366"]
[TimeControl "180+2"]
[EndTime "14:16:59 PDT"]
[Termination "Rokis13 won by resignation"]

1. e4 e5 2. Nf3 Nc6 3. Bb5 Nge7 4. O-O a6 5. Ba4 g6 6. c3 Bg7 7. d4 b5 8. Bc2 exd4 9. cxd4 O-O 10. d5 Na5 11.
Nc3 d6 12. Bg5 h6 13. Be3 Nc4 14. Bc1 Bd7 15. Rb1 g5 16. Nd4 Ng6 17. b3 Nce5 18. Nf5 Qf6 19. Nxg7 Kxg7 20. Ne2 Kh7 21. Nd4 Nh4 22.
f4 gxf4 23. Bxf4 Rg8 24. Bg3 Qg5 25. Qe1 Rae8 26. Rd1 Rg7 27. Rd2 Nhg6 28. Bd1 Ng4 29. h3 Ne3 30. h4 Nxh4 31. Bxh4 Nxg2 32. Bxg5 Nxe1 33. Rxe1 Rxg5+ 34. Rg2 Rxd5 35. Nf3 Rd3 36. Bc2 Rxf3 37. Bb1 Re5 38. Rc1 c5 39. Rd1 Be6 40.
Rxd6 Rc3 41. Bc2 Rg5 42. Rd2 Kg7 43. Kf2 Rxg2+ 44. Kxg2 Kf6 45. Kf2 Ke5 46. Ke2 h5 47. Bd3 c4 48. bxc4 bxc4 49. Bb1 h4 50. Rd8 h3 51.
Rh8 Rc1 52. Rh5+ Kd4 0-1

[Event "*** MasterClass Titled Tuesday Blitz"]
[Site "Chess.com"]
[Date "2017.09.05"]
[Round "5"]
[White "fastestmindalive"]
[Black "kleinebeer98"]
[Result "0-1"]
[WhiteElo "2612"]
[BlackElo "2461"]
[TimeControl "180+2"]
[EndTime "14:17:03 PDT"]
[Termination "kleinebeer98 won by resignation"]

1. e4 e5 2. Nf3 Nc6 3. d4 exd4 4. Bc4 Nf6 5. e5 d5 6. Bb5 Nd7 7. O-O Be7 8. Re1 O-O 9. Nbd2 f6 10. e6 Nde5 11. Nb3 Bxe6 12. Bxc6 bxc6 13. Nxe5 fxe5 14. Rxe5 Qd6 15. Qe1 Rf6 16. Nxd4 Bf8 17. Rxe6 Rxe6 18. Qxe6+ Qxe6 19. Nxe6 Re8 20. Bf4 Rxe6 21. Bxc7 Re2 22. Rc1 Bc5 23. Bg3 h5 24. Kf1 Rd2 25. Ke1 Rd4 26.
c3 Re4+ 27. Kf1 h4 28. Bc7 Re7 29. Bf4 Rf7 30. g3 g5 31. Bc7 Rxf2+ 32. Ke1 h3 33. g4 Rg2 34. Rd1 Rxg4 35. Rd3 Rg1+ 36. Ke2 Rg2+ 37.
Kf3 g4+ 38. Kf4 Kf7 39. Kf5 Bg1 40. c4 Bxh2 41. Bxh2 Rxh2 42. cxd5 cxd5 43. Kxg4 Rxb2 44. Kxh3 Ke6 45. Ra3 Rb7 46. Kg3 Rf7 47. Re3+ Kd6 48. Re1 d4 49. Kg2 Kd5 50. a4 d3 51. Rf1 Rg7+ 52. Kf2 Rf7+ 53. Kg2 Rxf1 54. Kxf1 a5 55. Ke1 Ke4 56. Kd2 Kd4 57. Kd1 Kc4 58. Kd2 Kd4 59. Kd1 Kc3 60. Kc1 Kb3 61. Kd2 Kxa4 62. Kc3 Ka3 63.
Kxd3 Kb2 0-1

[Event "*** MasterClass Titled Tuesday Blitz"]
[Site "Chess.com"]
[Date "2017.09.05"]
[Round "5"]
[White "DrVitman"]
[Black "Fandorine"]
[Result "0-1"]
[WhiteElo "2493"]
[BlackElo "2673"]
[TimeControl "180+2"]
[EndTime "14:17:15 PDT"]
[Termination "Fandorine won on time"]

1. d4 Nf6 2. c4 e6 3. Nf3 c5 4.
d5 exd5 5. cxd5 g6 6. Nc3 d6 7. Nd2 Bg7 8. Nc4 O-O 9. Bf4 Nbd7 10. Bxd6 Re8 11. e3 Ne4 12. Nxe4 Rxe4 13. Bg3 Nb6 14. Nd6 Rb4 15. Be2 Bxb2 16. O-O Bxa1 17. Qxa1 Nxd5 18.
Rd1 Be6 19. e4 Nb6 20. Nxf7 Bxf7 21. Rxd8+ Rxd8 22. Be5 Rxe4 23. Bh8 Kf8 24. Bf3 Re6 25. Bxb7 Red6 26. Bf3 Bd5 27. Bxd5 Nxd5 28. Qg7+ Ke8 29. Qxa7 Nf4 30. h4 Ne6 31. Qxh7 Nf4 32. Qa7 Rd1+ 33.
Kh2 Ne6 34. Bf6 R8d7 35. Qa8+ Kf7 36. Qf3 R1d3 37. Qc6 Kxf6 38. g4 Rd2 39. Kg3 R7d3+ 40. f3 Rd6 41. g5+ Kf7 42. Qb7+ Rd7 43. Qa8 Ng7 44.
Qc6 Nf5+ 45. Kh3 R2d6 46. Qxc5 Rd4 47. Qc6 Rxh4+ 48. Kg2 Rd2+ 49. Kg1 Rd1+ 50. Kg2 Rd2+ 51. Kg1 Rd6 52. Qc7+ Ke6 53. Qc8+ Ke5 54. Qe8+ Kf4 55. Qe4+ Kxg5 56. Qe2 Rh1+ 57. Kg2 Rhd1 58. Qe4 R6d2+ 0-1

[Event "*** MasterClass Titled Tuesday Blitz"]
[Site "Chess.com"]
[Date "2017.09.05"]
[Round "5"]
[White "gkchesstiger"]
[Black "Witik"]
[Result "1/2-1/2"]
[WhiteElo "2652"]
[BlackElo "2530"]
[TimeControl "180+2"]
[EndTime "14:17:37 PDT"]
[Termination "Game drawn - insufficient material"]

1. d4 Nf6 2. Nf3 g6 3. Bf4 Bg7 4. c3 d6 5. h3 O-O 6. e3 Nfd7 7. Nbd2 e5 8. Bh2 Nc6 9. Be2 Kh8 10. Nc4 Qe8 11. b4 a6 12. a4 f5 13. b5 Nd8 14. b6 Nxb6 15. Nxb6 cxb6 16. Qb3 f4 17. exf4 exf4 18. Qb2 Ne6 19. O-O g5 20. Bd3 Qh5 21.
Qxb6 g4 22. hxg4 Qxg4 23. Qxd6 Rg8 24. Kh1 Bxd4 25. Rg1 Bxf2 26. Ne5 Qh4 27. Rgf1 Bg3 28. Nf3 Qh6 29. Rae1 b5 30. Qe5+ Ng7 31. Qg5 Qxg5 32.
Nxg5 Nf5 33. Bxf5 Bxe1 34. Nf7+ Kg7 35. Bxc8 Raxc8 36. Nd6 Rcd8 37. Bxf4 Bxc3 38. axb5 a5 39. Rf3 Rgf8 40. Rg3+ Kh8 41. Rxc3 Rxf4 42. b6 Rxd6 43.
Rc8+ Kg7 44. b7 Rb4 45. b8=Q Rxb8 46. Rxb8 Ra6 47. Rb3 a4 48. Ra3 Kf6 49. Kg1 Ke5 50. Kf2 Kd4 51. Ke2 Kc4 52. Kd2 Kb4 53. Ra1 a3 54.
Rb1+ Ka4 55. Rh1 a2 56. Kc2 Ka3 57. g4 Rc6+ 58. Kd3 Rb6 59. Kc2 Rc6+ 60. Kd3 Kb2 61.
Rh2+ Kb1 62. Rxh7 a1=Q 63. Rh1+ Ka2 64. Rxa1+ Kxa1 65. Ke4 Kb2 66. g5 Kc3 67. Kf5 Kd4 68. g6 Kd5 69. g7 Rc8 70. Kf6 Kd6 71. Kf7 Rc7+ 72. Kf8 Rc8+ 73. Kf7 Rc7+ 74. Kf8 Rxg7 75. Kxg7 1/2-1/2

[Event "*** MasterClass Titled Tuesday Blitz"]
[Site "Chess.com"]
[Date "2017.09.05"]
[Round "5"]
[White "BartoszSocko"]
[Black "TrickyTrapChess"]
[Result "0-1"]
[WhiteElo "2641"]
[BlackElo "2313"]
[TimeControl "180+2"]
[EndTime "14:17:57 PDT"]
[Termination "TrickyTrapChess won by checkmate"]

1. e4 e6 2. d4 d5 3. Nd2 Be7 4. Bd3 Nf6 5. e5 Nfd7 6. c3 c5 7. Ne2 Nc6 8. Nf3 b6 9. O-O Bb7 10. a3 g5 11. h3 h5 12. b4 c4 13. Bc2 g4 14. hxg4 hxg4 15. Nh2 Qc7 16. Nxg4 O-O-O 17. Bf4 Rdg8 18. f3 Qd8 19. Kf2 f5 20. Ne3 Bh4+ 21. g3 Be7 22. Rh1 Nf8 23. Qd2 Ng6 24. Rag1 Qe8 25. Ng2 Qd8 26. Qd1 Kb8 27. Qc1 Ka8 28.
Rxh8 Rxh8 29. Rh1 Nxf4 30. Nexf4 Bg5 31. Qg1 Bc8 32. Rh2 Bd7 33. Qh1 Rg8 34. Rh7 Nb8 35.
Qh5 Be8 36. Qh3 Bd7 37. Qh5 Be8 38. Qh1 Bd7 39. Bd1 Na6 40. Qh2 Nc7 41. a4 Qe8 42.
Qh5 Qc8 43. Qf7 Rd8 44. Qg7 Bxf4 45. Nxf4 Kb8 46. Qe7 Kb7 47. Nh5 Kb8 48. Nf6 Be8 49. Rh8 a5 50. b5 Kb7 51. Rf8 Qa8 52. f4 Rc8 53. Rh8 Bg6 54. Rh6 Be8 55. Ke3 Bxb5 56. axb5 a4 57. Qd6 a3 58. Nd7 Qa5 59. Qc6+ Ka7 60. Rxe6 Qxc3+ 61. Kf2 Qxd4+ 62. Kg2 Qd2+ 63. Kh3 Rh8+ 64. Rh6 Rxh6+ 65. Qxh6 Qd4 66. Qf8 Nxb5 67. Qb8+ Ka6 68. Qa8+ Na7 69. Nb8+ Kb5 70. Qxa7 Qxd1 71. Qd7+ Kb4 72. Nc6+ Kb3 73. Kh4 Qg4# 0-1

[Event "*** MasterClass Titled Tuesday Blitz"]
[Site "Chess.com"]
[Date "2017.09.05"]
[Round "5"]
[White "kikydu96"]
[Black "MyleneFarmer"]
[Result "0-1"]
[WhiteElo "2314"]
[BlackElo "2429"]
[TimeControl "180+2"]
[EndTime "14:18:02 PDT"]
[Termination "MyleneFarmer won by resignation"]

1. b3 e5 2. Bb2 Nc6 3. e3 d5 4. Bb5 Bd6 5. Nf3 Qe7 6. c4 a6 7. cxd5 axb5 8. dxc6 bxc6 9. Qc2 Bb7 10. d3 Nf6 11.
O-O c5 12. Nbd2 e4 13. Bxf6 Qxf6 14. Nxe4 Qg6 15. Ned2 O-O 16. e4 Ra3 17. Nb1 Ra6 18.
Nc3 Bc6 19. a4 Rfa8 20. Qb2 b4 21. Nb1 c4 22. bxc4 Rxa4 23. Nbd2 h6 24. Rxa4 Rxa4 25.
Ra1 Qh5 26. Rxa4 Bxa4 27. d4 b3 28. Nxb3 Bxh2+ 29. Nxh2 Qd1+ 30. Nf1 Bxb3 31. Qc3 Bc2 32. Qd2 Qb1 33. f3 Bd3 34. Qf2 Bxc4 35. g3 Qd1 36.
Kg2 Bxf1+ 37. Qxf1 Qxd4 38. Qc1 c5 39. Qa3 g6 40. Qa8+ Kg7 41. f4 c4 42. e5 c3 43.
Qc6 Qd2+ 44. Kh3 c2 45. Qf6+ Kg8 46. e6 fxe6 47. Qxg6+ Kf8 48. Qf6+ Ke8 49. Qxe6+ Kd8 50. Qb6+ Kd7 51. Qb7+ Ke8 52. Qe4+ Kd8 53. Qa8+ Kc7 54.
Qa7+ Kc6 55. Qa6+ Kc5 56. Qc8+ Kb4 57. Qb7+ Kc3 58. Qc6+ Kb3 59. Qb5+ Qb4 60. Qd3+ Kb2 61. Qe2 Kb1 62. Qd3 Kb2 63. Qe2 Qc5 64. Kg4 Kb1 65. Qd3 Kb2 66. Qe2 Qd5 67. Qf2 Qd7+ 68. Kh4 Qd8+ 69. Kh5 Kb1 70. Qxc2+ Kxc2 71. Kxh6 Qg8 72. f5 Qxg3 73. f6 Qg8 0-1

[Event "*** MasterClass Titled Tuesday Blitz"]
[Site "Chess.com"]
[Date "2017.09.05"]
[Round "5"]
[White "Mistheoretical"]
[Black "Alohamora11"]
[Result "1-0"]
[WhiteElo "2213"]
[BlackElo "2094"]
[TimeControl "180+2"]
[EndTime "14:19:25 PDT"]
[Termination "Mistheoretical won by checkmate"]

1. d4 Nf6 2. Bg5 d5 3. Bxf6 exf6 4. e3 Bd6 5. c4 Be6 6. cxd5 Bxd5 7. Nc3 Be6 8. g3 O-O 9. Bg2 c6 10. Nge2 Nd7 11. O-O Rc8 12. Qd2 Nb6 13. Ne4 Be7 14.
Qa5 a6 15. Rfc1 Nc4 16. Qc3 b5 17. b3 Nb6 18. Nf4 Bd5 19. Nc5 Bxg2 20. Kxg2 Nd5 21. Nxd5 Qxd5+ 22. Kg1 Bxc5 23. Qxc5 Qf3 24. Qc2 h5 25.
Qd3 h4 26. Qd1 Qxd1+ 27. Rxd1 hxg3 28. hxg3 c5 29. dxc5 Rxc5 30. a4 b4 31. Rd3 Rfc8 32.
Rad1 Rc3 33. Kf1 a5 34. Ke2 Rc2+ 35. Kf3 f5 36. Rd8+ Rxd8 37. Rxd8+ Kh7 38. Rd5 Rc3 39. Rxf5 Rxb3 40. Rxa5 Ra3 41. Ra7 Kg6 42. a5 b3 43.
Rb7 f6 44. a6 Rxa6 45. Rxb3 Ra4 46. Rd3 Kf5 47. Rd5+ Kg6 48. Rd4 Ra3 49. Kf4 Ra2 50.
f3 Ra5 51. Rd6 Rf5+ 52. Ke4 Re5+ 53. Kd4 Rf5 54. f4 Ra5 55. Ke4 Ra4+ 56. Kf3 Kf7 57.
Rb6 Ra5 58. g4 Kg6 59. Rb7 Kh6 60. f5 Ra4 61. e4 Rc4 62. Re7 Rc3+ 63. Kf4 Rc4 64.
Kg3 Rc3+ 65. Kh4 Rc1 66. e5 Rh1+ 67. Kg3 fxe5 68. Re6+ Kh7 69. Rxe5 Ra1 70. Re6 Ra4 71.
Kh4 Kg8 72. Kg5 Kf7 73. Rb6 Ra5 74. Rb7+ Kf8 75. Rc7 Ra6 76. Kh5 Rh6+ 77. Kg5 Ra6 78. Rb7 Rc6 79. Kh5 Rh6+ 80. Kg5 Ra6 81. Rc7 Rb6 82. Ra7 Rc6 83. Kh4 Rh6+ 84. Kg3 Rb6 85. Kf3 Rb4 86. g5 Rb6 87. Kg4 Rb5 88. Rc7 Ra5 89. Rb7 Ra4+ 90. Kh5 Ra5 91. Kg6 Ra6+ 92. f6 gxf6 93. gxf6 Ra8 94. Rh7 Ra2 95. Rh8# 1-0

[Event "*** MasterClass Titled Tuesday Blitz"]
[Site "Chess.com"]
[Date "2017.09.05"]
[Round "6"]
[White "TrickyTrapChess"]
[Black "sergiochess83"]
[Result "1/2-1/2"]
[WhiteElo "2320"]
[BlackElo "2762"]
[TimeControl "180+2"]
[EndTime "14:21:08 PDT"]
[Termination "Game drawn by agreement"]

1. c4 e5 2. Nc3 Nf6 3. g3 Bb4 4. Bg2 O-O 5. e4 Nc6 6. Nge2 a6 7. a3 Bc5 8. O-O d6 9. d3 Nd4 10. h3 c6 11. b4 Ba7 12. Be3 Nxe2+ 13. Qxe2 Bxe3 14.
Qxe3 b5 15. f4 1/2-1/2

[Event "*** MasterClass Titled Tuesday Blitz"]
[Site "Chess.com"]
[Date "2017.09.05"]
[Round "6"]
[White "dolynachess"]
[Black "Muracle"]
[Result "0-1"]
[WhiteElo "2398"]
[BlackElo "2463"]
[TimeControl "180+2"]
[EndTime "14:21:49 PDT"]
[Termination "Muracle won by resignation"]

1. c4 e5 2. Nc3 Nf6 3. Nf3 Nc6 4. g3 d5 5. cxd5 Nxd5 6. Bg2 Nb6 7. O-O Be7 8. a3 O-O 9. b4 Be6 10. b5 Nd4 11.
Nxe5 Bb3 12. Bxb7 Bxd1 13. Rxd1 Bf6 0-1

[Event "*** MasterClass Titled Tuesday Blitz"]
[Site "Chess.com"]
[Date "2017.09.05"]
[Round "6"]
[White "hypert"]
[Black "AbdAlAgathos"]
[Result "0-1"]
[WhiteElo "2297"]
[BlackElo "2343"]
[TimeControl "180+2"]
[EndTime "14:22:48 PDT"]
[Termination "AbdAlAgathos won by resignation"]

1. e4 e6 2. d4 d5 3. Nc3 Bb4 4. e5 c5 5. a3 Bxc3+ 6. bxc3 Ne7 7. a4 b6 8. Nf3 Ba6 9. Bb5+ Bxb5 10. axb5 Qc8 11.
O-O a5 12. bxa6 Rxa6 13. Bg5 Nec6 14. Qe2 O-O 15. Qc4 dxc4 0-1

[Event "*** MasterClass Titled Tuesday Blitz"]
[Site "Chess.com"]
[Date "2017.09.05"]
[Round "6"]
[White "GM_dmitrij"]
[Black "nonscitis"]
[Result "1-0"]
[WhiteElo "2634"]
[BlackElo "2420"]
[TimeControl "180+2"]
[EndTime "14:22:51 PDT"]
[Termination "GM_dmitrij won by resignation"]

1. e4 c5 2. Nf3 d6 3. d4 cxd4 4. Nxd4 Nf6 5. Nc3 a6 6. Bg5 Nbd7 7. Bc4 Qb6 8. O-O e6 9. Bxe6 fxe6 10. Nxe6 Ne5 11.
Bxf6 Bxe6 12. Bxe5 dxe5 13. Qh5+ Bf7 14. Qxe5+ Qe6 15. Qd4 Rd8 16. Nd5 b6 17. Nc7+ Ke7 18. Nxe6 Rxd4 19. Nxd4 g6 20. Rad1 Bg7 21. Nc6+ Ke6 22.
Nd8+ Ke7 23. Nxf7 Kxf7 24. Rd7+ 1-0

[Event "*** MasterClass Titled Tuesday Blitz"]
[Site "Chess.com"]
[Date "2017.09.05"]
[Round "6"]
[White "Rokis13"]
[Black "WeiYi1999"]
[Result "0-1"]
[WhiteElo "2353"]
[BlackElo "2151"]
[TimeControl "180+2"]
[EndTime "14:23:58 PDT"]
[Termination "WeiYi1999 won by resignation"]

1. e4 d5 2. exd5 Nf6 3. d4 Nxd5 4. c4 Nb6 5. Nc3 e5 6. d5 Bb4 7. Nf3 c6 8. Nxe5 O-O 9. Be3 cxd5 10. c5 Qe8 11. cxb6 Qxe5 12. Qb3 Nc6 13. O-O-O Be6 14. Bd4 Nxd4 15. Qxb4 Qf4+ 16. Rd2 Ne2+ 0-1

[Event "*** MasterClass Titled Tuesday Blitz"]
[Site "Chess.com"]
[Date "2017.09.05"]
[Round "6"]
[White "stefanodinn"]
[Black "Hafez_Bakr"]
[Result "1-0"]
[WhiteElo "2205"]
[BlackElo "1872"]
[TimeControl "180+2"]
[EndTime "14:24:39 PDT"]
[Termination "stefanodinn won by resignation"]

1. e4 c5 2. Nf3 d6 3. d4 cxd4 4. Nxd4 Nf6 5. f3 a6 6. c4 e5 7.
Nc2 Be7 8. Nc3 Be6 9. Be3 Qc7 10. Na3 O-O 11. Be2 Nbd7 12. O-O Rac8 13. Rc1 Qa5 14. Qd2 Rfe8 15. Nd5 Qxd2 16. Nxe7+ Rxe7 17. Bxd2 Rc7 18. Rfd1 Re8 19. Bb4 Rec8 20. Bxd6 Rc6 21. b4 Nb6 22.
Bxe5 Nfd7 23. Bb2 f6 24. c5 Na4 25. Bd4 b6 26. Bxa6 bxc5 27. Bxc8 1-0

[Event "*** MasterClass Titled Tuesday Blitz"]
[Site "Chess.com"]
[Date "2017.09.05"]
[Round "6"]
[White "Aygehovit1992"]
[Black "Me_ch_an"]
[Result "1-0"]
[WhiteElo "2451"]
[BlackElo "2208"]
[TimeControl "180+2"]
[EndTime "14:25:04 PDT"]
[Termination "Aygehovit1992 won by resignation"]

1. b3 e5 2. Bb2 d6 3. e3 f5 4. f4 Nd7 5. Bc4 Ngf6 6. Nf3 Qe7 7. O-O e4 8. Nd4 Nb6 9. a4 a5 10. Nc3 c6 11. Ba3 g6 12. d3 Bg7 13.
dxe4 Nxe4 14. Nxe4 Qxe4 15. Bxd6 Qxe3+ 16. Kh1 Qxd4 17. Qe2+ Qe4 18. Rae1 Nxc4 19. Qxc4 Be6 20. Rxe4 fxe4 21. Qxe6+ 1-0

[Event "*** MasterClass Titled Tuesday Blitz"]
[Site "Chess.com"]
[Date "2017.09.05"]
[Round "6"]
[White "belisarius64"]
[Black "kleinebeer98"]
[Result "0-1"]
[WhiteElo "2327"]
[BlackElo "2468"]
[TimeControl "180+2"]
[EndTime "14:25:18 PDT"]
[Termination "kleinebeer98 won by resignation"]

1. e4 e5 2. Nf3 Nc6 3. Bc4 Nf6 4. d3 h6 5. O-O d6 6. c3 g5 7. Re1 g4 8. Nfd2 Qe7 9. Nf1 Be6 10. Ng3 O-O-O 11.
Nd2 h5 12. Nf5 Qd7 13. Bb5 a6 14. Bxc6 Qxc6 15. d4 Bxf5 16. exf5 exd4 17. cxd4 h4 18. Nb3 Qd5 19. Be3 h3 20. gxh3 gxh3 21. f3 Rg8+ 22. Kh1 Rg2 23. Rc1 Ng4 24. Bg1 Rxh2+ 25. Bxh2 Nf2+ 26.
Kg1 Nxd1 27. Rexd1 Qxf3 28. Rd2 Bh6 29. Rc3 Rg8+ 0-1

[Event "*** MasterClass Titled Tuesday Blitz"]
[Site "Chess.com"]
[Date "2017.09.05"]
[Round "6"]
[White "Oneofmyturns"]
[Black "Alexander_Moskalenko"]
[Result "0-1"]
[WhiteElo "2475"]
[BlackElo "2666"]
[TimeControl "180+2"]
[EndTime "14:25:23 PDT"]
[Termination "Alexander_Moskalenko won by resignation"]

1. d4 Nf6 2. c4 d6 3. Nc3 g6 4. e4 Bg7 5. h3 O-O 6. Be3 e5 7. d5 a5 8. Nf3 Na6 9. g4 Nc5 10.
Nd2 c6 11. Be2 Bd7 12. g5 Ne8 13. h4 Nc7 14. h5 b5 15. h6 Bh8 16. dxc6 b4 17.
cxd7 bxc3 18. bxc3 Qxd7 19. f3 f6 20. Nb3 Qc6 21. Nxc5 dxc5 22. Qc1 fxg5 23. Bxg5 Ne6 24. Be3 Bf6 25. Rb1 Nf4 26. Kf2 Rad8 27. Rb5 Be7 28.
Rxa5 Nxe2 29. Kxe2 Qe6 30. Ra4 Rf7 31. Rd1 Rdf8 32. Rf1 Qh3 33. Ra7 Rxf3 34. Rxf3 Qxf3+ 35. Kd2 Qg2+ 0-1

[Event "*** MasterClass Titled Tuesday Blitz"]
[Site "Chess.com"]
[Date "2017.09.05"]
[Round "6"]
[White "nickmatta"]
[Black "cheese111"]
[Result "0-1"]
[WhiteElo "2316"]
[BlackElo "2324"]
[TimeControl "180+2"]
[EndTime "14:25:30 PDT"]
[Termination "cheese111 won by resignation"]

1. d4 Nf6 2. c4 g6 3. Nc3 Bg7 4. e4 d6 5. Bd3 O-O 6. Nge2 Nc6 7.
O-O e5 8. d5 Nd4 9. Nxd4 exd4 10. Ne2 Re8 11. f3 c5 12. Bg5 a6 13. f4 h6 14. Bh4 g5 15. fxg5 Nxe4 16. gxh6 Qxh4 17. Rf4 Qxh6 18. Rxe4 Rxe4 19. Bxe4 Qe3+ 20. Kh1 Qxe4 21. Ng3 Qg4 22. Qb3 d3 23. Qxd3 Bd7 24. Qb3 b5 25.
cxb5 axb5 26. Rf1 Re8 27. h3 Qg6 28. Qf3 Bxb2 29. Nh5 Be5 30. g4 Bd4 31. Nf4 Qe4 32. Kg2 Qxf3+ 33. Kxf3 Re3+ 34. Kg2 Ra3 35. Nh5 Rxa2+ 36.
Kg3 b4 37. h4 b3 38. g5 Be5+ 39. Kf3 b2 40. Rb1 Ra1 41. Nf6+ Bxf6 0-1

[Event "*** MasterClass Titled Tuesday Blitz"]
[Site "Chess.com"]
[Date "2017.09.05"]
[Round "6"]
[White "JaimeSantosLatasa"]
[Black "maciek_92"]
[Result "1-0"]
[WhiteElo "2580"]
[BlackElo "2517"]
[TimeControl "180+2"]
[EndTime "14:25:41 PDT"]
[Termination "JaimeSantosLatasa won by resignation"]

1. d4 Nf6 2. c4 e6 3. Nf3 b6 4.
a3 Bb7 5. Nc3 d5 6. cxd5 exd5 7.
g3 Nbd7 8. Bg2 Bd6 9. O-O a6 10. Nd2 O-O 11. e4 dxe4 12. Ndxe4 Nxe4 13. Nxe4 Be7 14. Bf4 Ra7 15. Rc1 Bd5 16. Qh5 Bxe4 17. Bxe4 Nf6 18. Qf3 Qxd4 19. Bb1 c5 20. Rfe1 Qd5 21.
Qe2 h6 22. Rcd1 Qb3 23. Bc2 Qa2 24. Ra1 Qd5 25. Rad1 Qc6 26. Be5 Rd7 27. Qxa6 Rxd1 28. Rxd1 Qe6 29. Bc3 Qh3 30. Qf1 Qh5 31. Re1 Nd5 32.
Re5 1-0

[Event "*** MasterClass Titled Tuesday Blitz"]
[Site "Chess.com"]
[Date "2017.09.05"]
[Round "6"]
[White "novocane"]
[Black "Blitzking4444"]
[Result "0-1"]
[WhiteElo "2144"]
[BlackElo "2094"]
[TimeControl "180+2"]
[EndTime "14:26:13 PDT"]
[Termination "Blitzking4444 won by resignation"]

1. d4 Nf6 2. c4 e6 3. Nc3 Bb4 4. e3 b6 5. Ne2 c5 6. a3 Ba5 7. Rb1 Qe7 8. d5 exd5 9. cxd5 O-O 10. g3 Qe4 11. b4 Qxh1 12. bxa5 d6 13. Nf4 Ng4 14.
Bb2 Nxh2 15. Qd3 Ba6 16. Nb5 Nxf1 17. Ke2 Bxb5 18. Qxb5 Nxg3+ 19. fxg3 Qxb1 20. Nh5 Nd7 21. Qb3 Ne5 0-1

[Event "*** MasterClass Titled Tuesday Blitz"]
[Site "Chess.com"]
[Date "2017.09.05"]
[Round "6"]
[White "PlotnikovPavel"]
[Black "IamSchrodingersCat"]
[Result "0-1"]
[WhiteElo "2459"]
[BlackElo "2441"]
[TimeControl "180+2"]
[EndTime "14:26:20 PDT"]
[Termination "IamSchrodingersCat won by resignation"]

1. Nf3 Nf6 2. c4 g6 3. e3 Bg7 4. d4 O-O 5. Be2 d6 6. O-O Nbd7 7. b4 e5 8. Bb2 e4 9. Nfd2 Re8 10. a4 h5 11. Nc3 Nf8 12. Qb3 N8h7 13. Rae1 Bf5 14. Nd1 Ng4 15. h3 Qh4 16. f3 Ng5 17.
fxg4 Nxh3+ 18. gxh3 Qg3+ 19. Kh1 Qxh3+ 20. Kg1 Qg3+ 21.
Kh1 hxg4 22. Rf2 Qh4+ 23. Rh2 Qxe1+ 24. Bf1 g3 25. Rg2 Bh3 26. Re2 g2+ 27. Rxg2 Bxg2+ 28. Kxg2 Qxd2+ 29. Nf2 Bf6 30. Bc3 Qxe3 31. Ng4 Qf3+ 0-1

[Event "*** MasterClass Titled Tuesday Blitz"]
[Site "Chess.com"]
[Date "2017.09.05"]
[Round "6"]
[White "Alohamora11"]
[Black "AndrewMcStone"]
[Result "1-0"]
[WhiteElo "2102"]
[BlackElo "2052"]
[TimeControl "180+2"]
[EndTime "14:26:21 PDT"]
[Termination "Alohamora11 won by resignation"]

1. e4 Nc6 2. Nf3 Nf6 3. e5 Nd5 4. c4 Nb6 5. d4 d6 6. exd6 exd6 7. d5 Ne5 8. Nxe5 dxe5 9. Bd3 Bc5 10. O-O O-O 11. Qh5 f5 12. Bg5 Qe8 13. Qxe8 Rxe8 14.
Nc3 h6 15. Be3 Bxe3 16. fxe3 e4 17. Be2 Bd7 18. Rfd1 Rad8 19. c5 Na4 20. Nxa4 Bxa4 21. b3 Bd7 22. Bc4 Kh7 23. d6 c6 24. g3 a5 25. h4 Re5 26. Rac1 g5 27. hxg5 hxg5 28. a3 Ra8 29. Kf2 Kg7 30. Be2 Kf6 31.
Rh1 Kg7 32. Rh5 Kg6 33. Rch1 Rxc5 34. Rh6+ Kf7 35. Rh7+ Ke6 36. R1h6+ Ke5 37. Re7+ Kd5 38. Bc4+ Rxc4 39. bxc4+ Kxc4 40. Rxd7 Kb3 41. Rxb7+ 1-0

[Event "*** MasterClass Titled Tuesday Blitz"]
[Site "Chess.com"]
[Date "2017.09.05"]
[Round "6"]
[White "Saitama_Hero"]
[Black "TomsKantans"]
[Result "0-1"]
[WhiteElo "2329"]
[BlackElo "2420"]
[TimeControl "180+2"]
[EndTime "14:26:22 PDT"]
[Termination "TomsKantans won by resignation"]

1. d4 Nf6 2. c4 g6 3. Nc3 d5 4.
Nf3 Bg7 5. Qb3 dxc4 6. Qxc4 O-O 7. e4 Na6 8. Be2 c5 9. d5 e6 10. O-O exd5 11. exd5 Re8 12. Rd1 Bf5 13. Bf4 Ne4 14. Nb5 Bxb2 15. Rab1 Bg7 16. d6 Bd7 17. Nc7 Nc3 18. Nxe8 Qxe8 19. Bd3 b5 20. Qb3 c4 21. Qa3 cxd3 22. Qxa6 Ne2+ 23. Kh1 Nxf4 24. Re1 Qc8 25. Qa3 Qc3 26. Rb3 Qc6 27. Rc3 Qxc3 0-1

[Event "*** MasterClass Titled Tuesday Blitz"]
[Site "Chess.com"]
[Date "2017.09.05"]
[Round "6"]
[White "W_Amadeus"]
[Black "yurisolo"]
[Result "0-1"]
[WhiteElo "2424"]
[BlackElo "2580"]
[TimeControl "180+2"]
[EndTime "14:26:30 PDT"]
[Termination "yurisolo won by resignation"]

1. d4 d5 2. c4 e6 3. Nf3 c6 4. Qc2 Nf6 5. Bg5 h6 6. Bh4 Qa5+ 7. Nbd2 Ne4 8. e3 g5 9. Bg3 g4 10. cxd5 exd5 11. Be5 Rg8 12. O-O-O gxf3 13. Nxe4 dxe4 14. gxf3 Be6 15. fxe4 Nd7 16. Bg3 Qxa2 17. d5 cxd5 18. exd5 Bxd5 19. Bh3 Qa1+ 20. Kd2 Bb4+ 21. Ke2 Qa6+ 22.
Rd3 Nc5 23. Ra1 Qxd3+ 24. Qxd3 Nxd3 0-1